 Dungeon Crawl Stone Soup version 0.23.2-40-g277498a (webtiles) character file.

Game seed: 1416488679455085087

3495 Fang the Fighter (level 10, -2/97 HPs)
             Began as a Gargoyle Berserker on Oct 23, 2019.
             Was a High Priest of Trog.
             Killed from afar by an ice dragon (42 damage)
             ... with a blast of cold
             ... on level 9 of the Dungeon.
             The game lasted 00:11:08 (8543 turns).

Fang the Fighter (Gargoyle Berserker)               Turns: 8543, Time: 00:11:08

Health: -2/97      AC: 20    Str: 28    XL:     10   Next: 7%
Magic:  10/10      EV: 10    Int:  9    God:    Trog [*****.]
Gold:   406        SH:  0    Dex:  9    Spells: 9/9 levels left

rFire    . . .     SeeInvis +   a - +0 hand axe
rCold    . . .     Gourm    .   (no shield)
rNeg     + . .     Faith    .   b - +0 plate armour
rPois    ∞         Spirit   .   (no helmet)
rElec    +         Reflect  .   (no cloak)
rCorr    .         Harm     .   (no gloves)
MR       .....                  (no boots)
Stlth    ..........             (no amulet)
HPRegen  0.26/turn              g - +2 ring of slaying
MPRegen  0.12/turn              p - ring of see invisible

@: berserking, very quick
A: negative energy resistance 1, electricity resistance, unbreathing,
petrification resistance, rot immunity, AC +7
a: Berserk, Trog's Hand, Brothers in Arms, Renounce Religion


You were on level 9 of the Dungeon.
You worshipped Trog.
Trog was extremely pleased with you.
You were very hungry.

You visited 2 branches of the dungeon, and saw 9 of its levels.
You also visited: Sewer.

You collected 406 gold pieces.

Inventory:

Hand Weapons
 a - a +0 hand axe (weapon)
Armour
 b - a +0 plate armour (worn)
Jewellery
 g - a +2 ring of slaying (left hand)
 l - an uncursed amulet of guardian spirit {unknown}
 p - a ring of see invisible (right hand)
 v - a +2 ring of strength {unknown}
 C - an uncursed amulet of rage {unknown}
Wands
 y - a wand of iceblast (12)
 A - a wand of polymorph (18)
Scrolls
 f - 8 scrolls of identify {unknown}
 h - 8 scrolls of remove curse {unknown}
 j - 2 scrolls of teleportation {unknown}
 n - a scroll of amnesia {unknown}
 q - a scroll of fear {unknown}
 r - 3 scrolls of enchant armour {unknown}
 s - a scroll of vulnerability {unknown}
 u - 2 scrolls of blinking {unknown}
 w - a scroll of magic mapping {unknown}
Potions
 d - 8 potions of curing {unknown}
 e - 3 potions of brilliance {unknown}
 i - a potion of degeneration {unknown}
 k - a potion of flight {unknown}
 m - a potion of invisibility {unknown}
 o - a potion of cancellation {unknown}
 t - a potion of ambrosia {unknown}
 x - a potion of lignification {unknown}
 z - a potion of heal wounds {unknown}
Comestibles
 c - 10 rations
 B - 12 chunks of flesh


   Skills:
 + Level 8.4 Fighting
 + Level 7.0 Axes
 + Level 8.0 Armour
 + Level 6.0 Dodging


You had 9 spell levels left.
You didn't know any spells.
Your spell library was empty.

Dungeon Overview and Level Annotations

Branches:
Dungeon (10/15)            Temple (1/1) D:5            Lair (0/6) D:10
    Orc (0/2) D:9

Altars:
Cheibriados
Elyvilon
Fedhas
Gozag
Hepliaklqana
Nemelex Xobeh
Ru
Sif Muna
Trog
Zin

Annotations:
D:6 Edmund


Innate Abilities, Weirdness & Mutations

You are resistant to torment.
Your stone body is resilient. (AC +7)
You are immune to poison.
You resist negative energy. (rN+)
You are resistant to electric shocks. (rElec)
You can survive without breathing.
You are immune to petrification.
You are immune to rotting.


Message History

The necrophage misses you.
You hit the ice dragon.
The ice dragon is lightly wounded.
Your plate armour prevents you from hitting the necrophage.
You slash the ice dragon!
The ice dragon is lightly wounded.
You slice the jelly!!
You kill the jelly!
Trog accepts your kill.
Your Armour skill increases to level 8!
You barely miss the necrophage.
The ice dragon bites you but does no damage.
The ice dragon claws you but does no damage.
The ice dragon closely misses you. The necrophage barely misses you.
You barely miss the ice dragon.
The ice dragon is lightly wounded.
You slash the necrophage! The ice dragon breathes frost at you.
The blast of cold hits you!!!
You die...

#≈≈≈≈≈≈≈≈)"?#
#≈≈≈≈≈≈≈$(?.#
#≈≈≈≈≈≈≈$$$.#
#≈≈≈≈≈≈≈...#
≈≈≈≈≈≈≈...##
#≈≈≈≈≈≈.≈≈#
#≈..≈≈≈≈≈≈#
#..Dn.≈≈≈≈#
#...@..≈≈##
#........#
##.......#
#......##
#......#
##....##
##..## #..#
#.##


You could see an ice dragon and a necrophage.

Vanquished Creatures
  Sigmund (D:3)
  Eustachio (D:6)
  A hungry ghost (D:5)
  2 orc warriors
  An ice beast (D:5)
  A phantom (D:9)
  An ogre (D:9)
  5 big kobolds
  Blork the orc (D:6)
  3 bullfrogs
  A scorpion (D:5)
  8 killer bees
  4 wights
  A howler monkey (D:4)
  A crimson imp (D:5)
  A bullfrog zombie (D:6)
  5 orc wizards
  6 orc priests
  2 jellies
  An iguana (D:10)
  Natasha (D:3)
  3 worker ants
  3 hound skeletons
  Robin (D:3)
  3 gnolls (D:5)
  11 adders
  13 oozes
  4 worms (D:2)
  4 dart slugs
  10 leopard geckos
  20 orcs
  5 bats
  19 giant cockroaches
  15 goblins
  10 hobgoblins
  5 jackals
  11 kobolds
  3 quokkas
  16 ball pythons
  14 frilled lizards
  A jackal skeleton (D:5)
  2 jackal zombies
  A leopard gecko zombie (D:5)
  4 rats
226 creatures vanquished.

Vanquished Creatures (collateral kills)
  A death yak (D:9)
1 creature vanquished.

Grand Total: 227 creatures vanquished

Notes
Turn   | Place    | Note
-------+----------+-------------------------------------------
     0 | D:1      | Fang the Gargoyle Berserker began the quest for the Orb.
     0 | D:1      | Reached XP level 1. HP: 14/14 MP: 1/1
   323 | D:1      | Reached XP level 2. HP: 19/19 MP: 2/2
   835 | D:2      | Reached XP level 3. HP: 21/23 MP: 3/3
   996 | D:2      | Reached ** piety under Trog
  1059 | D:2      | Found a sparkling altar of Nemelex Xobeh.
  1125 | D:2      | Reached XP level 4. HP: 22/29 MP: 4/4
  1445 | D:2      | Found a snail-covered altar of Cheibriados.
  1552 | D:2      | Found a deep blue altar of Sif Muna.
  1718 | D:3      | Noticed Robin
  1737 | D:3      | Killed Robin
  1823 | D:3      | Noticed Sigmund
  1840 | D:3      | Killed Sigmund
  1840 | D:3      | Reached XP level 5. HP: 17/34 MP: 5/5
  1840 | D:3      | Reached XP level 6. HP: 20/39 MP: 6/6
  2244 | D:3      | Noticed Natasha
  2257 | D:3      | Killed Natasha
  3958 | D:4      | Reached skill level 5 in Fighting
  4110 | D:4      | Found a glowing drain.
  4154 | D:4      | Reached *** piety under Trog
  4163 | Sewer    | Entered a sewer
  4173 | Sewer    | Reached XP level 7. HP: 40/44 MP: 7/7
  4453 | Sewer    | Reached **** piety under Trog
  4792 | D:4      | Found a blossoming altar of Fedhas.
  4973 | D:5      | Entered Level 5 of the Dungeon
  5170 | D:5      | Found a sparkling altar of Nemelex Xobeh.
  5180 | D:5      | Found a white marble altar of Elyvilon.
  5185 | D:5      | Found a glowing silver altar of Zin.
  5188 | D:5      | Found an opulent altar of Gozag.
  5254 | D:5      | Found a bloodstained altar of Trog.
  5255 | D:5      | Found a sacrificial altar of Ru.
  5255 | D:5      | Found a hazy altar of Hepliaklqana.
  5273 | D:5      | Reached skill level 5 in Armour
  5331 | D:5      | Noticed a hungry ghost
  5358 | D:5      | Killed a hungry ghost
  5358 | D:5      | Reached XP level 8. HP: 51/51 MP: 8/8
  5952 | D:5      | Found a staircase to the Ecumenical Temple.
  5964 | Temple   | Entered the Ecumenical Temple
  6020 | D:6      | Reached skill level 5 in Axes
  6248 | D:6      | Noticed Eustachio
  6319 | D:6      | Killed Eustachio
  6812 | D:6      | Reached XP level 9. HP: 52/56 MP: 9/9
  6828 | D:6      | Reached ***** piety under Trog
  6837 | D:6      | Reached skill level 5 in Dodging
  6845 | D:6      | Noticed Blork the orc
  6866 | D:6      | Killed Blork the orc
  6895 | D:6      | Noticed Edmund
  6895 | D:6      | You fall through a shaft for 3 floors!
  7145 | D:9      | You fall through a shaft!
  7145 | D:10     | Entered Level 10 of the Dungeon
  7607 | D:10     | Noticed a death yak
  7608 | D:10     | Noticed a death yak
  7610 | D:10     | Found a staircase to the Lair.
  7610 | D:10     | Noticed a death yak
  7619 | D:10     | HP: 1/88 [death yak (6)]
  7628 | D:9      | Killed a death yak
  7964 | D:9      | Received a gift from Trog
  8232 | D:9      | Reached XP level 10. HP: 38/64 MP: 10/10
  8403 | D:9      | Found a staircase to the Orcish Mines.
  8535 | D:9      | Noticed an ice dragon
  8543 | D:9      | Killed from afar by an ice dragon

Skill      XL: |  1  2  3  4  5  6  7  8  9 10 |
---------------+-------------------------------+-----
Axes           | 3 4 5 6 7 |  7.0
Dodging        | 2 3 4 5 6 |  6.0
Armour         | 3 4 5 6 7 8 |  8.0
Fighting       | 4 5 6 8 |  8.4

Action                   |  1- 3 |  4- 6 |  7- 9 | 10-12 || total
-------------------------+-------+-------+-------+-------++-------
Melee: Hand axe          |   132 |   147 |   698 |    70 ||  1047
       Unarmed           |       |     7 |       |       ||     7
Invok: Berserk           |     1 |     3 |     4 |     1 ||     9
       Trog's Hand       |       |       |     1 |       ||     1
       Brothers in Arms  |       |       |     1 |       ||     1
 Stab: Distracted        |       |       |     1 |       ||     1
  Eat: Chunk             |     1 |     9 |    14 |       ||    24
       Ration            |       |     1 |     3 |       ||     4
Armor: Animal skin       |    51 |    10 |       |       ||    61
       Chain mail        |       |    55 |   222 |       ||   277
       Skin              |       |     3 |       |       ||     3
       Plate armour      |       |       |   472 |    32 ||   504
Dodge: Dodged            |   111 |   103 |   477 |    24 ||   715
